 Dungeon Crawl Stone Soup version 0.28-a0-1520-gc3277d3759 (webtiles) character file.

Game seed: 12117379514469094306

16982 funkygono the Arsonist (level 12, -11/81 HPs)
             Began as a Human Fire Elementalist on Jan 16, 2022.
             Was a Priest of Vehumet.
             Killed by refrigeration
             ... invoked by Fannar
              (25 damage)
             ... on level 12 of the Dungeon on Jan 17, 2022.
             The game lasted 00:35:11 (15413 turns).

funkygono the Arsonist (Human Fire Elementalist)   Turns: 15413, Time: 00:35:11

Health: -11/81     AC:  9    Str: 10    XL:     12   Next: 76%
Magic:  8/27       EV: 18    Int: 24    God:    Vehumet [***...]
Gold:   607        SH:  0    Dex: 19    Spells: 8/34 levels left

rFire   . . .      SeeInvis .   O - +10 whip "Ogrebane" {spect, rElec}
rCold   . . .      Faith    .   (no shield)
rNeg    . . .      Spirit   .   t - +1 robe of Gluttony {Regen+ Int+4}
rPois   .          Reflect  .   Q - +2 helmet
rElec   +          Harm     .   n - +1 cloak
rCorr   .          Rampage  .   (no gloves)
Will    .....                   i - +0 pair of boots
Stlth   ++........              (no amulet)
HPRegen 1.03/turn               q - +6 ring of dexterity
MPRegen 0.20/turn               o - +4 ring of evasion

@: no status effects
A: no striking features
a: Renounce Religion


You were on level 12 of the Dungeon.
You worshipped Vehumet.
Vehumet was most pleased with you.
You visited 2 branches of the dungeon, and saw 13 of its levels.
You also visited: Ossuary and Bailey.

You collected 607 gold pieces.

Inventory:

Hand Weapons
 f - a +0 vorpal whip
 j - a +2 spectral quarterstaff
 w - a +4 whip of flaming
 O - the +10 whip "Ogrebane" (weapon) {spect, rElec}
   (You found it on level 10 of the Dungeon)

   When its wielder attacks, the weapon's spirit leaps out and strikes again.
   The spirit shares a part of any damage it takes with its wielder.
   rElec:     It insulates you from electricity.
Missiles
 e - 430 stones
 N - a throwing net
Armour
 a - a +0 robe
 i - a +0 pair of boots (worn)
 k - a +0 tower shield
 n - a +1 cloak (worn)
 p - a +2 robe of willpower
 r - a +0 helmet
 s - the +0 leather armour "Duex" {Will+}
   (You took it off Robin on level 3 of the Dungeon)

   Will:      It increases your willpower.
 t - the +1 robe of Gluttony (worn) {Regen+ Int+4}
   (You found it on level 5 of the Dungeon)

   Int:       It affects your intelligence (+4).
   Regen:     It increases your rate of health regeneration.
 L - a +1 hat
 Q - a +2 helmet (worn)
Jewellery
 o - a +4 ring of evasion (right hand)
 q - a +6 ring of dexterity (left hand)
 B - an amulet of faith
 C - a ring of poison resistance
 D - a +6 ring of strength
 G - a +4 ring of slaying
 S - a ring of resist corrosion
 U - a ring of see invisible
Wands
 E - a wand of mindburst (14)
 K - a wand of paralysis (15)
 M - a wand of polymorph (6)
Scrolls
 b - 2 scrolls of identify
 c - a scroll of amnesia
 d - a scroll of brand weapon
 v - a scroll of blinking
 x - a scroll of fear
 y - 6 scrolls of teleportation
 P - a scroll of fog
Potions
 g - 6 potions of curing
 h - 2 potions of lignification
 l - 2 potions of cancellation
 m - 3 potions of invisibility
 u - 3 potions of attraction
 z - a potion of ambrosia
 A - a potion of flight
 F - 5 potions of mutation
 H - 2 potions of haste
 I - 9 potions of magic
 J - 2 potions of brilliance
 T - a potion of might {unknown}
Miscellaneous
 R - a piece from Xom's chessboard (15/15)


   Skills:
 + Level 3.5 Fighting
 + Level 3.0(3.4) Maces & Flails
 + Level 2.5(3.2) Staves
 + Level 3.2 Armour
 + Level 4.3 Dodging
 - Level 2.0 Stealth
 + Level 11.5 Spellcasting
 + Level 8.6 Conjurations
 + Level 11.7 Fire Magic
 + Level 4.1 Air Magic


You had 8 spell levels left.
You knew the following spells:

 Your Spells              Type           Power      Damage    Failure   Level
a - Foxfire               Conj/Fire      100%       2x1d9     1%          1
b - Scorch                Fire           100%       2d10      1%          2
c - Conjure Flame         Conj/Fire      58%        6-21      1%          3
d - Flame Wave            Conj/Fire      58%        2d9       1%          4
e - Sticky Flame          Conj/Fire      58%        2d7       1%          4
f - Shock                 Conj/Air       100%       1d9       1%          1
g - Swiftness             Air            33%        N/A       2%          3
h - Airstrike             Air            16%        N/A       2%          4
i - Freeze                Ice            52%        1d7       1%          1
j - Stone Arrow           Conj/Erth      68%        3d11      1%          3

Your spell library contained the following spells:

 Spells                   Type           Power      Damage    Failure   Level
 Ignite Poison            Fire/Tmut/Pois 32%        N/A       1%          3
 Inner Flame              Hex/Fire       42%        N/A       1%          3
 Apportation              Tloc           26%        N/A       4%          1
 Beastly Appendage        Tmut           26%        N/A       4%          1


Dungeon Overview and Level Annotations

Branches:
Dungeon (12/15)            Temple (1/1) D:7            Lair (0/6) D:8
    Orc (0/2) D:10        Ossuary (visited)          Bailey (visited)

Altars:
Ashenzari
Cheibriados
Dithmenos
Elyvilon
Fedhas
Gozag
Hepliaklqana
Kikubaaqudgha
Makhleb
Nemelex Xobeh
Okawaru
Qazlal
Ru
Sif Muna
Trog
Uskayaw
Vehumet
Wu Jian
Xom
Yredelemnul
Zin
The Shining One

Shops:
D:2 =

Annotations:
D:4 2 transporters, p0werm0de's ghost, amateur DsFi
D:7 1 runed translucent door
D:12 Fannar


Message History

You swap places.
The ice beast closely misses you.
You hit the ice beast.
The ice beast is lightly wounded.
You whack the ice beast!
The ice beast is heavily wounded.
The ice beast misses you. Fannar casts a spell at you.
The bolt of cold hits the ice beast.
The ice beast completely resists.
The bolt of cold hits you!!
You whack the ice beast!
You punch the ice beast, but do no damage.
The ice beast is almost dead.
The ice beast closely misses you.
You whack the ice beast!
You kill the ice beast!
The ice beast disappears in a puff of smoke!
Fannar gestures wildly while chanting.
Fannar drains the heat from the surrounding environment!
* * * LOW HITPOINT WARNING * * *
Fannar hits you but does no damage.
You whack Fannar!
Fannar is lightly wounded.
Your +10 whip "Ogrebane" {spect, rElec} hits Fannar.
Fannar hits you but does no damage.
Casting: Sticky Flame (safe; 1% risk of failure)
Confirm with . or Enter, or press ? or * to list all spells.
Aiming: Sticky Flame (safe; 1% risk of failure)
Press: ? - help, Shift-Dir - straight line, f - Fannar
Aim: Fannar, wielding a +0 quarterstaff of freezing, wearing a +2 robe of cold resistance and wearing a ring of ice (lightly wounded, 100% to hit)
The sticky flame hits Fannar.
Fannar is lightly wounded.
Fannar is covered in liquid flames!
Fannar burns!
Fannar hits you with a +0 quarterstaff of freezing.
* * * LOW HITPOINT WARNING * * *
Fannar freezes you.
* * * LOW HITPOINT WARNING * * *
Fannar burns!
Fannar casts a spell.
Fannar drains the heat from the surrounding environment!
You die...

#..# .. #..###.# .
...Y.....
###..#..#
#..e....#
#)#..#..# #.#..# #
####ยง#....
..#.##.@.e##....
#(#.##.#### #####
#.#.##.# #....#.#
##....#.###
#.....#...#
#.#...###.#
#...>.....# #
#####...#+######.#


You could see Fannar (burning).

Vanquished Creatures
  Harold (D:10)
  2 boulder beetles
  3 two-headed ogres
  Sonja (D:10)
  2 orc knights
  Pikel (D:5)
  A manticore (D:11)
  A spectral centaur (D:10)
  A kobold demonologist (D:11)
  A troll (D:11)
  2 slime creatures
  Sigmund (D:3)
  2 wraiths
  A vampire (D:11)
  10 yaks (D:10)
  A steam dragon (D:10)
  3 wargs (D:8)
  4 orc warriors
  A black bear (D:7)
  An ice beast (D:7)
  A hornet zombie (D:5)
  2 necrophages (D:7)
  3 centaurs
  An ogre (D:5)
  A phantom (D:5)
  A kobold brigand (D:8)
  4 bullfrogs
  A gnoll sergeant (D:9)
  4 scorpions
  A wyvern skeleton (D:7)
  5 killer bees (D:10)
  4 wights (D:8)
  4 electric eels (D:10)
  2 howler monkeys
  3 jellies
  3 centaur zombies
  9 orc priests
  A hound (D:7)
  A bullfrog skeleton (D:4)
  2 centaur skeletons
  2 iguanas
  5 orc wizards
  A hound skeleton (D:4)
  A hound zombie (D:5)
  A mummy (Ossuary)
  3 howler monkey zombies
  Robin (D:3)
  5 adders
  A howler monkey skeleton (D:10)
  9 gnolls
  A shadow imp (D:5)
  2 white imps
  3 worms
  4 dart slugs
  52 orcs
  6 endoplasms
  A giant cockroach (D:2)
  12 goblins
  14 hobgoblins
  8 jackals
  22 kobolds
  8 quokkas
  7 ball pythons
  6 bats
  A frilled lizard (D:1)
  4 gnoll skeletons (Ossuary)
  11 kobold skeletons (Ossuary)
  10 orc skeletons (Ossuary)
  A quokka skeleton (D:4)
  4 rats
299 creatures vanquished.

Vanquished Creatures (others)
  1051 foxfires
  A plant (D:8)
1052 creatures vanquished.

Grand Total: 1351 creatures vanquished

Notes
Turn   | Place    | Note
-------+----------+-------------------------------------------
     0 | D:1      | funkygono the Human Fire Elementalist began the quest for
                  | the Orb.
     0 | D:1      | Reached XP level 1. HP: 13/13 MP: 3/3
   236 | D:1      | Reached XP level 2. HP: 4/19 MP: 0/5
   573 | D:1      | Learned a level 2 spell: Scorch
   823 | D:1      | Reached XP level 3. HP: 24/24 MP: 0/6
  1013 | D:1      | Found a faded altar of an unknown god.
  1461 | D:1      | Learned a level 3 spell: Conjure Flame
  1862 | D:2      | Reached XP level 4. HP: 30/30 MP: 4/7
  2494 | D:2      | Found Jontuonunt's Jewellery Shop.
  2699 | D:2      | Got Etogaxto's Rites and Rhymes, Part One
  3066 | D:3      | Noticed Robin
  3166 | D:3      | Reached XP level 5. HP: 35/35 MP: 6/9
  3455 | D:3      | Noticed Sigmund
  3461 | D:3      | Killed Sigmund
  3462 | D:3      | Reached skill level 5 in Fire Magic
  3462 | D:3      | Reached XP level 6. HP: 36/41 MP: 0/11
  4092 | D:3      | Identified the +0 leather armour "Duex" {Will+}
  4102 | D:3      | Killed Robin
  4199 | D:3      | Learned a level 4 spell: Flame Wave
  4201 | D:3      | Learned a level 1 spell: Shock
  4225 | D:4      | Found a transporter.
  4225 | D:4      | Noticed p0werm0de's ghost (amateur DsFi)
  4511 | D:4      | Reached XP level 7. HP: 42/46 MP: 1/13
  4818 | D:4      | Found a transporter.
  4852 | D:4      | Noticed a wyvern
  5466 | D:5      | Entered Level 5 of the Dungeon
  5760 | D:5      | Found a sand-covered staircase.
  5767 | Ossuary  | Entered an ossuary
  5767 | Ossuary  | Noticed a wraith
  5767 | Ossuary  | Noticed a wraith
  5767 | Ossuary  | Noticed a wraith
  6201 | Ossuary  | Noticed a wraith
  6229 | Ossuary  | Killed a wraith
  6230 | Ossuary  | Reached skill level 5 in Spellcasting
  6230 | Ossuary  | Reached XP level 8. HP: 29/52 MP: 4/15
  6537 | D:5      | Learned a level 4 spell: Sticky Flame
  6637 | D:5      | Found a sparkling altar of Nemelex Xobeh.
  6664 | D:5      | Identified the +1 robe of Gluttony {Regen+ Int+4}
  6725 | D:5      | Noticed Pikel
  6732 | D:5      | Killed Pikel
  7018 | D:5      | Reached XP level 9. HP: 57/57 MP: 7/18
  8464 | D:7      | Found a runed translucent door.
  8480 | D:7      | Noticed a sixfirhy
  8649 | D:7      | Found a staircase to the Ecumenical Temple.
  8658 | Temple   | Entered the Ecumenical Temple
  8673 | Temple   | Became a worshipper of Vehumet
  8879 | D:7      | Reached skill level 5 in Conjurations
  8881 | D:7      | Found a flagged portal.
  8901 | Bailey   | Entered a bailey
  9254 | Bailey   | Noticed an orc knight
  9268 | Bailey   | Killed an orc knight
  9269 | Bailey   | Reached XP level 10. HP: 44/64 MP: 10/21
 10231 | D:7      | Reached skill level 10 in Fire Magic
 10231 | D:7      | Reached XP level 11. HP: 74/74 MP: 22/24
 10251 | D:7      | Learned a level 3 spell: Swiftness
 10256 | D:7      | Learned a level 4 spell: Airstrike
 10471 | D:8      | Reached * piety under Vehumet
 10471 | D:8      | Offered knowledge of Freeze by Vehumet.
 10712 | D:8      | Found a staircase to the Lair.
 11306 | D:8      | Learned a level 1 spell: Freeze
 11638 | D:9      | Noticed a two-headed ogre
 11646 | D:9      | Killed a two-headed ogre
 11767 | D:9      | Noticed a two-headed ogre
 11777 | D:9      | Killed a two-headed ogre
 11862 | D:9      | Offered knowledge of Poisonous Vapours by Vehumet.
 11863 | D:9      | Reached ** piety under Vehumet
 12248 | D:9      | Upgraded the game from 0.28-a0-1518-gbe868bca14 to
                  | 0.28-a0-1520-gc3277d3759
 12269 | D:10     | Entered Level 10 of the Dungeon
 12272 | D:10     | Noticed Sonja
 12282 | D:10     | Killed Sonja
 12324 | D:10     | Noticed Harold
 12342 | D:10     | Killed Harold
 12343 | D:10     | Reached skill level 10 in Spellcasting
 12561 | D:10     | Reached XP level 12. HP: 36/81 MP: 10/26
 12866 | D:10     | Offered knowledge of Stone Arrow by Vehumet.
 13202 | D:10     | Reached *** piety under Vehumet
 13729 | D:10     | Identified the +10 whip "Ogrebane" {spect, rElec}
 14168 | D:10     | Found a staircase to the Orcish Mines.
 14217 | D:10     | Learned a level 3 spell: Stone Arrow
 14506 | D:11     | Noticed a boulder beetle
 14521 | D:11     | Killed a boulder beetle
 14756 | D:11     | Noticed a sixfirhy
 15284 | D:12     | Found a hide-covered altar of Uskayaw.
 15372 | D:12     | Noticed a boulder beetle
 15382 | D:12     | Killed a boulder beetle
 15383 | D:12     | Noticed a two-headed ogre
 15384 | D:12     | Noticed Fannar
 15393 | D:12     | Killed a two-headed ogre
 15413 | D:12     | Killed from afar by Fannar

Illustrated notes

Levels and vault maps discovered:
D:1:      dpeg_chamrin_arrival_tetris, layout_basic,
          shapermc_ecumenical_altar_venn
D:2:      minmay_recursive_quarters, layout_rooms, serial_shops,
          nicolae_shop_hallway_stairs, minmay_three_crescents
D:3:      layout_rooms, uniq_sigmund, uniq_robin
D:4:      minmay_diamond_boxcup, layout_loops_ring, gammafunk_ghost_arena,
          lightli_corner_chamber
D:5:      layout_loops_ring, nemelex_spade_bored_becter,
          nicolae_ossuary_entry_false_entrances, uniq_pikel
D:6:      layout_loops_ring
D:7:      cheibrodos_shockbox, layout_loops_ring, minmay_temple_entry_poolview,
          enter_bailey_2
D:8:      layout_loops_ring, erik_lair_orcish_takeover,
          kennysheep_generic_room_2
D:9:      layout_irregular_city
D:10:     layout_long_grid, erik_orc_2, hangedman_weighted_door, uniq_harold,
          uniq_sonja
D:11:     layout_rooms, small_statue_intersection, kennysheep_donut,
          kennysheep_generic_room_3
D:12:     okawaru_arena_lexackson, layout_basic, nicolae_uskayaw_suspiria,
          uniq_fannar
Temple:   compressed_dpeg_circular_temple

Skill      XL: |  1  2  3  4  5  6  7  8  9 10 11 12 |
---------------+-------------------------------------+-----
Conjurations   | 2 3 4 5 6 7 8 |  8.6
Fire Magic     | 4 5 6 7 9 10 11 | 11.7
Spellcasting   | 3 4 5 6 7 9 10 11 | 11.5
Fighting       | 2 3 |  3.5
Maces & Flails | 2 3 |  3.0
Staves         | 2 |  2.5
Armour         | 3 |  3.2
Dodging        | 3 4 |  4.3
Air Magic      | 4 |  4.1
Stealth        | |  2.0

Action                   |  1- 3 |  4- 6 |  7- 9 | 10-12 || total
-------------------------+-------+-------+-------+-------++-------
Melee: Dagger            |       |     2 |       |       ||     2
       Whip              |       |     2 |    12 |    99 ||   113
       Punch             |       |       |     1 |     2 ||     3
 Cast: Foxfire           |    60 |    79 |   158 |   308 ||   605
       Scorch            |     6 |    25 |    61 |    55 ||   147
       Conjure Flame     |       |     1 |       |       ||     1
       Flame Wave        |       |       |       |     7 ||     7
       Sticky Flame      |       |       |       |    25 ||    25
       Airstrike         |       |       |       |     3 ||     3
  Use: Scroll            |       |     9 |     8 |     9 ||    26
       Potion            |       |       |       |     3 ||     3
 Stab: Distracted        |       |       |     1 |       ||     1
Armor: Robe              |     7 |    10 |    19 |    48 ||    84
Dodge: Dodged            |    36 |    17 |    53 |   189 ||   295

Table legend: (Time is in decaauts)
 A = Elapsed time spent in this place.
 B = Non-inter-level travel time spent in this place.
 C = Inter-level travel time spent in this place.
 D = Time resting spent in this place.
 E = Time spent auto-exploring this place.
 F = Levels seen in this place.
 G = Mean time per level.
                   A        B        C        D        E       F      G
               +--------+--------+--------+--------+--------+-----+--------+
         Total |  15400 |  15101 |    299 |   1656 |   9912 |  15 | 1026.7 |
       Dungeon |  13801 |  13540 |    261 |   1048 |   9580 |  12 | 1150.1 |
        Temple |    128 |     90 |     38 |      0 |     64 |   1 |  128.0 |
       Ossuary |    676 |    676 |      0 |    250 |    149 |   1 |  676.0 |
        Bailey |    792 |    792 |      0 |    358 |    119 |   1 |  792.0 |
               +--------+--------+--------+--------+--------+-----+--------+

Top non-repeatable levels by time:
    D:10: 1941 daAuts
     D:1: 1643 daAuts
     D:2: 1557 daAuts
     D:4: 1241 daAuts
     D:5: 1238 daAuts
     D:8: 1075 daAuts
     D:7: 1042 daAuts
     D:3: 1026 daAuts
    D:11: 1019 daAuts
     D:6: 936 daAuts
     D:9: 915 daAuts
  Bailey: 792 daAuts
 Ossuary: 676 daAuts
    D:12: 164 daAuts
  Temple: 128 daAuts
